 Dungeon Crawl Stone Soup version 0.22-a0-246-gdc04c06 (webtiles) character file.

14 b5mith the Bolt Thrower (level 2, -1/31 HPs)
             Began as an Ogre Hunter on Feb 22, 2018.
             Slain by a kobold
             ... wielding a +1 whip of electrocution
              (2 damage)
             ... on level 1 of the Dungeon.
             The game lasted 00:02:10 (234 turns).

b5mith the Bolt Thrower (Ogre Hunter)                Turns: 234, Time: 00:02:11

Health: -1/31      AC:  3    Str: 15    XL:     2   Next: 45%
Magic:  2/2        EV: 10    Int: 12    God:
Gold:   61         SH:  0    Dex:  9    Spells: 1/1 levels left

rFire    . . .     SeeInvis .   b - +0 short sword
rCold    . . .     Gourm    .   (no shield)
rNeg     . . .     Faith    .   c - +0 robe
rPois    .         Spirit   .   (helmet restricted)
rElec    .         Reflect  .   (no cloak)
rCorr    .         Harm     .   (gloves unavailable)
MR       .....                  (boots unavailable)
Stlth    +.........             (no amulet)
HPRegen  0.10/turn              (no ring)
MPRegen  0.08/turn              (no ring)

@: no status effects
A: large, unfitting armour, tough skin 1
a: no special abilities


You were on level 1 of the Dungeon.
You were not hungry.

You visited 1 branch of the dungeon, and saw 1 of its levels.

You collected 61 gold pieces.

Inventory:

Hand Weapons
 a - a +1 hand crossbow
 b - a +0 short sword (weapon)
Missiles
 d - 15 bolts
Armour
 c - a +0 robe (worn)
Scrolls
 e - a scroll of fog {unknown}
Comestibles
 f - 2 rations


   Skills:
 + Level 3.1 Fighting
 + Level 3.1 Crossbows
 + Level 2.0 Dodging
 + Level 1.0 Stealth


You had one spell level left.
You didn't know any spells.

Dungeon Overview and Level Annotations

Branches:
Dungeon (1/15)

Altars:


Innate Abilities, Weirdness & Mutations

You are too large for most types of armour.
You have tough skin. (AC +1)


Message History

The goblin hits you but does no damage.
You hit the goblin but do no damage.
The goblin is severely wounded.
The goblin hits you but does no damage.
You closely miss the goblin.
The goblin is severely wounded.
The goblin hits you with a dagger.
You hit the goblin.
You kill the goblin!
You barely miss the kobold. The kobold barely misses you.
You closely miss the kobold.
The kobold hits you with a whip of electrocution.
You hit the kobold but do no damage.
The kobold hits you with a whip of electrocution.
You are electrocuted!
Ouch! That really hurt!
* * * LOW HITPOINT WARNING * * *
You barely miss the kobold.
The kobold hits you with a whip of electrocution.
You die...

#............
...(..(.###....#.#.....
.........#...†..#.....
.(...............)...
.......#....#.###...
..... #..#.#.# #... !..
#..#.#.# #... #K#
#..#.#[###... #@#
#..#.#....... #.#
#..#.#.##...#
#.####..#.#.......
#####.................
.........##............
.####.######.###..##.#.
... .............. ###.
########.##... #.
#.#####


You could see a kobold.

Vanquished Creatures
  A dart slug (D:1)
  A leopard gecko (D:1)
  A bat (D:1)
  3 goblins (D:1)
  2 hobgoblins (D:1)
  A kobold (D:1)
  A rat (D:1)
10 creatures vanquished.

Vanquished Creatures (others)
  5 toadstools (D:1)
5 creatures vanquished.

Grand Total: 15 creatures vanquished

Notes
Turn   | Place    | Note
-------+----------+-------------------------------------------
     0 | D:1      | b5mith the Ogre Hunter began the quest for the Orb.
     0 | D:1      | Reached XP level 1. HP: 22/22 MP: 1/1
    45 | D:1      | Reached XP level 2. HP: 29/29 MP: 2/2
    68 | D:1      | Reached skill level 1 in Stealth
   233 | D:1      | HP: 1/31 [kobold/whip of electrocution (20)]
   234 | D:1      | Slain by a kobold

Vault maps used:
D:1:      ldierk_walled_garden

Skill      XL: |  1  2 |
---------------+-------+-----
Crossbows      | 3 |  3.1
Fighting       | 3 |  3.1
Dodging        | 2 |  2.0
Stealth        | 1 |  1.0

Action                   || total
-------------------------++-------
Melee: Short sword       ||     8
 Fire: Hand crossbow     ||    19
Armor: Robe              ||     3
Dodge: Dodged            ||     2

Table legend:
 A = Spawn XP
 B = Non-spawn XP
 C = Spawn XP percentage of total XP
 D = Spawn monster count
 E = Non-spawn monster count
 F = Spawn count percentage of total count
 G = Total turns spent on level
                    A         B        C        D         E        F      G
               +---------+---------+-------+---------+---------+-------+---------
         Total |       0 |      21 |   0.0 |       0 |      10 |   0.0 |   234
               +---------+---------+-------+---------+---------+-------+---------
           D:1 |       0 |      21 |   0.0 |       0 |      10 |   0.0 |   234
               +---------+---------+-------+---------+---------+-------+---------
